 Dungeon Crawl Stone Soup version 0.20.0-8-g6b59dc7 (webtiles) character file.

53703 dobroeutro the Bludgeoner (level 14, 0/92 HPs)
             Began as a Gargoyle Fighter on May 19, 2017.
             Was the Champion of Okawaru.
             Slain by a polar bear (7 damage)
             ... on level 6 of the Lair of Beasts on June 1, 2017.
             The game lasted 00:57:01 (20247 turns).

dobroeutro the Bludgeoner (Gargoyle Fighter)       Turns: 20247, Time: 00:57:01

Health: 0/92       AC: 21    Str: 23    XL:     14   Next: 69%
Magic:  4/4        EV: 17    Int: 11    God:    Okawaru [******]
Gold:   1800       SH: 12    Dex: 19    Spells: 13/13 levels left

rFire    + + .     SeeInvis +   p - +1 morningstar of the Extremely Mad {antimagic, Dex+3}
rCold    + + +     Gourm    .   w - +0 shield {rC+}
rNeg     + + .     Faith    .   S - +1 leather armour "Gejeub" {rPois rF+ rN+ Dex+3}
rPois    ∞         Spirit   .   W - +2 hat
rElec    +         Reflect  .   q - scarf {rC+ rF+}
rCorr    .         Harm     .   z - +1 pair of gloves "Bedeptiq" {-Tele rC+ Dex+4}
MR       ++...     NoTele   +   G - +1 pair of boots
Stlth    ++........             C - amulet of regeneration
Regen    0.7/turn               M - ring of see invisible
MPRegen  0.1/turn               R - ring of protection from magic

@: no status effects
A: big wings, rugged brown scales 1, camouflage 1, clever 1, clumsy 1, deformed
body, low mp 1, negative energy resistance 1, electricity resistance,
unbreathing, petrification resistance, rot immunity, AC +9
a: Fly, Heroism, Finesse, Renounce Religion


You were on level 6 of the Lair of Beasts.
You worshipped Okawaru.
Okawaru was exalted by your worship.
You were hungry.

You visited 3 branches of the dungeon, and saw 20 of its levels.
You also visited: Ice Cave.

You collected 1800 gold pieces.

Inventory:

Hand Weapons
 p - the +1 morningstar of the Extremely Mad (weapon) {antimagic, Dex+3}
   (You acquired it on level 4 of the Lair of Beasts)

   It reduces the magical energy of the wielder, and disrupts the spells and
   magical abilities of those hit.
   Natural abilities and divine invocations are not affected.
   It affects your dexterity (+3).
 O - a +2 flail of draining
Armour
 q - a scarf of resistance (worn)
 w - a +0 shield of cold resistance (worn)
 z - the +1 pair of gloves "Bedeptiq" (worn) {-Tele rC+ Dex+4}
   (Okawaru gifted it to you on level 5 of the Lair of Beasts)

   It affects your dexterity (+4).
   It protects you from cold.
   It prevents most forms of teleportation.
 G - a +1 pair of boots (worn)
 S - the +1 leather armour "Gejeub" (worn) {rPois rF+ rN+ Dex+3}
   (You found it on level 10 of the Dungeon)

   It affects your dexterity (+3).
   It protects you from fire.
   It protects you from poison.
   It protects you from negative energy.
 V - +0 steam dragon scales
 W - a +2 hat (worn)
Jewellery
 x - an uncursed ring of stealth {unknown}
 B - an uncursed ring of ice {unknown}
 C - an amulet of regeneration (around neck)
 J - a +2 ring of intelligence {unknown}
 M - a ring of see invisible (left hand)
 R - a ring of protection from magic (right hand)
Wands
 k - a wand of digging (17/24)
 v - a wand of digging (16/24)
 F - a wand of confusion (24/48)
 I - a wand of polymorph (13/24)
 Q - a wand of confusion (22/48)
 T - a wand of lightning (5/15)
 X - a wand of random effects (13/48)
 Z - a wand of scattershot (5/9)
Scrolls
 e - 9 scrolls of teleportation
 i - 4 scrolls of enchant armour
 l - 5 scrolls of enchant weapon
 m - 19 scrolls of identify
 o - 7 scrolls of magic mapping
 u - 7 scrolls of remove curse
 y - 2 scrolls of immolation
 D - a scroll of blinking
 E - 3 scrolls of recharging
 Y - 2 scrolls of brand weapon
Potions
 a - 3 potions of degeneration {unknown}
 b - 2 potions of lignification {unknown}
 d - 2 potions of might
 j - 5 potions of haste
 r - 5 potions of agility
 s - a potion of heal wounds
 t - 3 potions of flight
 A - 9 potions of curing {unknown}
 H - 3 potions of brilliance {unknown}
 K - 4 potions of berserk rage {unknown}
 L - 2 potions of cancellation
 N - a potion of magic {unknown}
 P - 4 potions of resistance {unknown}
 U - a potion of ambrosia {unknown}
Comestibles
 f - 7 bread rations
 g - 4 royal jellies
 h - 6 fruits
 n - 13 meat rations


   Skills:
 + Level 11.6 Fighting
 * Level 16.2 Maces & Flails
 + Level 11.5 Armour
 + Level 8.4 Dodging
 + Level 9.0 Shields


You had 13 spell levels left.
You didn't know any spells.

Dungeon Overview and Level Annotations

Branches:
Dungeon (13/15)            Temple (1/1) D:7            Lair (6/6) D:9
 Shoals (0/4) Lair:2       Spider (0/4) Lair:2        Slime (0/5) Lair:5
    Orc (0/2) D:12
 Vaults: D:13-14

Altars:
Ashenzari
Cheibriados
Dithmenos
Elyvilon
Fedhas
Gozag
Hepliaklqana
Kikubaaqudgha
Makhleb
Nemelex Xobeh
Okawaru
Qazlal
Ru
Sif Muna
Trog
Uskayaw
Vehumet
Xom
Yredelemnul
Zin
The Shining One
Jiyva

Shops:
D:4 (   D:9 ?   D:13 :

Annotations:
Lair:5 exclusion: oklob plant


Innate Abilities, Weirdness & Mutations

You are resistant to torment.
Your stone body is resilient. (AC +9)
You are immune to poison.
Your large and strong wings let you fly indefinitely.
You resist negative energy. (rN+)
You are resistant to electric shocks. (rElec)
You can survive without breathing.
You are immune to petrification.
You are immune to rotting.
You are partially covered in rugged brown scales. (AC +1, +3% HP)
Your skin changes colour to match your surroundings (Stealth+).
Your mind is acute. (Int +2)
You are clumsy. (Dex -2)
Armour fits poorly on your strangely shaped body.
Your magical capacity is low. (-10% MP)


Message History

You kill the four-headed hydra!
Okawaru accepts your kill.
Your Shields skill increases to level 9!
Unknown command.
You bludgeon the spiny frog!!
The spiny frog is almost dead.
The spiny frog stings you but does no damage.
Unknown command.
You impale the spiny frog!!
You kill the spiny frog!
Okawaru accepts your kill.
Unknown command.
You barely miss the polar bear. The polar bear bites you.
* * * LOW HITPOINT WARNING * * *
The polar bear barely misses you.
The polar bear claws you but does no damage.
You puncture the polar bear!
The polar bear is moderately wounded.
The polar bear bites you!
You die...

#..............##.##
.P..#.....P.P...[.#
#..P...PPP.....#.
###†......P....... ..
#................ ....
#F..P.##..$...#
.....##.#####†......#
..#......###.†P.#.#...
#.........###@........
[....#...#....h#.P...#.#
..#..#....#.#..#.P..#..#
..#.............#PP....#
.#...8...8......###....
.......<).......+ .....
....8...8...#..#.......
..#..........#..... .#
..#.##...##....#.P..#


You could see a polar bear.

Vanquished Creatures
  A very ugly thing (D:10)
  Snorg (D:10)
  6 hydras
  2 ice dragons (IceCv)
  3 two-headed ogres
  The ghost of miragecloak the Grappler, a novice DrTm of Ashenzari (D:9)
  2 wizards (D:10)
  6 ugly things
  A manticore (D:11)
  6 black mambas
  A centaur zombie (D:12)
  16 elephants
  A merfolk siren (Lair:2)
  2 ice statues (IceCv)
  8 spiny frogs
  2 kobold demonologists (D:11)
  6 komodo dragons
  8 rime drakes
  2 jumping spiders (Lair:2)
  4 trolls
  A polar bear (Lair:4)
  A slime creature (D:10)
  A hornet (D:10)
  15 hippogriffs
  16 blink frogs
  Sigmund (D:3)
  5 redbacks
  21 yaks
  4 basilisks
  2 wraiths (D:10)
  14 wyverns
  A steam dragon (D:9)
  The ghost of miragecloak the Ruffian, an amateur DrTm (D:4)
  A hungry ghost (D:10)
  Edmund (D:5)
  2 porcupines (Lair:4)
  6 water moccasins
  5 orc warriors
  Duvessa (D:5)
  17 ice beasts
  2 black bears
  A phantom (D:10)
  4 sky beasts
  A necrophage (D:9)
  6 ogres
  11 centaurs
  4 wolves (Lair:1)
  12 crocodiles
  7 big kobolds
  11 bullfrogs
  A wyvern zombie (D:11)
  Dowan (D:5)
  5 scorpions
  10 killer bees
  4 wights (D:8)
  4 crimson imps
  A bullfrog zombie (D:6)
  A quasit (D:11)
  6 hounds
  4 jellies
  Crazy Yiuf (D:5)
  17 orc priests
  8 orc wizards
  2 bullfrog skeletons
  A centaur skeleton (D:9)
  Natasha (thrice) (D:1)
  Ijyb (D:4)
  4 iguanas
  7 worker ants
  A human simulacrum (D:12)
  2 hound skeletons
  2 worker ant zombies
  8 gnolls
  15 adders
  2 shadow imps
  An adder zombie (D:9)
  An adder skeleton (D:5)
  3 worms
  A dart slug (D:2)
  3 leopard geckos
  54 orcs
  6 giant cockroaches
  19 goblins
  6 hobgoblins
  11 jackals
  15 kobolds
  8 quokkas
  2 ball pythons (D:1)
  10 bats
  6 frilled lizards
  2 jackal skeletons
  A jackal zombie (D:6)
  A leopard gecko skeleton (D:6)
  2 quokka skeletons
  A quokka zombie (D:7)
  7 rats
  A fungus (D:5)
526 creatures vanquished.

Vanquished Creatures (others)
  A human simulacrum (D:12)
  A leopard gecko (D:5)
  13 fungi
  7 plants
22 creatures vanquished.

Grand Total: 548 creatures vanquished

Notes
Turn   | Place    | Note
-------+----------+-------------------------------------------
     0 | D:1      | dobroeutro the Gargoyle Fighter began the quest for the Orb.
     0 | D:1      | Reached XP level 1. HP: 14/14 MP: 1/1
    81 | D:1      | Reached XP level 2. HP: 12/19 MP: 2/2
   316 | D:1      | Reached skill level 3 in Maces & Flails
   556 | D:2      | Noticed Natasha
   570 | D:1      | Reached XP level 3. HP: 16/23 MP: 3/3
   593 | D:1      | Killed Natasha
   593 | D:1      | Reached skill level 4 in Maces & Flails
   593 | D:1      | Reached XP level 4. HP: 6/28 MP: 4/4
   715 | D:1      | Noticed Natasha
   719 | D:1      | Gained mutation: You are occasionally teleported next to monsters. [potion of mutation]
   719 | D:1      | Gained mutation: You are somewhat resistant to further mutation. [potion of mutation]
   720 | D:1      | Killed Natasha
   730 | D:1      | Noticed Natasha
  1009 | D:1      | Killed Natasha
  1144 | D:2      | Reached skill level 5 in Maces & Flails
  1144 | D:2      | Reached XP level 5. HP: 30/32 MP: 5/5
  1710 | D:3      | Noticed Sigmund
  1811 | D:3      | Killed Sigmund
  1811 | D:3      | Reached skill level 6 in Maces & Flails
  1811 | D:3      | Reached XP level 6. HP: 10/37 MP: 6/6
  2014 | D:2      | Lost mutation: You are occasionally teleported next to monsters. [potion of mutation]
  2014 | D:2      | Lost mutation: You are somewhat resistant to further mutation. [potion of mutation]
  2014 | D:2      | Gained mutation: You are robust. (+10% HP) [potion of mutation]
  2014 | D:2      | Gained mutation: You are partially covered in rugged brown scales. (AC +1, +3% HP) [potion of mutation]
  2505 | D:3      | Reached skill level 7 in Maces & Flails
  3021 | D:4      | Noticed a water moccasin
  3060 | D:4      | Killed a water moccasin
  3060 | D:4      | Reached XP level 7. HP: 4/46 MP: 7/7
  3473 | D:4      | Noticed miragecloak's ghost (amateur DrTm)
  3818 | D:3      | Reached skill level 8 in Maces & Flails
  4039 | D:4      | Found Jupnise's Weapon Boutique.
  4428 | D:4      | Killed miragecloak's ghost
  4526 | D:4      | Reached skill level 9 in Maces & Flails
  4526 | D:4      | Reached XP level 8. HP: 25/51 MP: 8/8
  4786 | D:4      | Got a translucent silver ring
  5055 | D:5      | Entered Level 5 of the Dungeon
  5188 | D:5      | Found a stormy altar of Qazlal.
  5201 | D:5      | Noticed Dowan
  5240 | D:5      | Killed Dowan
  5240 | D:5      | Reached skill level 1 in Dodging
  5246 | D:5      | Noticed Duvessa
  5272 | D:5      | Killed Duvessa
  5278 | D:5      | Found a bloodstained altar of Trog.
  5310 | D:5      | Found a radiant altar of Vehumet.
  5311 | D:5      | Found a hide-covered altar of Uskayaw.
  5335 | D:5      | Gained mutation: Your magical capacity is low. (-10% MP) [mutagenic meat]
  5561 | D:5      | Noticed Ijyb
  5712 | D:4      | Killed Ijyb
  5950 | D:5      | Noticed Edmund
  5966 | D:5      | Killed Edmund
  5966 | D:5      | Reached skill level 10 in Maces & Flails
  6045 | D:5      | Reached XP level 9. HP: 58/58 MP: 8/8
  6329 | D:5      | Found an ancient bone altar of Kikubaaqudgha.
  6590 | D:5      | Found a runed door.
  6594 | D:5      | Noticed Crazy Yiuf
  6601 | D:5      | Killed Crazy Yiuf
  6611 | D:5      | Identified the ring "Puvist" {rPois rF- Str-5 Int+10 Slay+5} (You found it on level 4 of the Dungeon)
  6970 | D:5      | Reached skill level 5 in Armour
  7069 | D:6      | Reached skill level 5 in Fighting
  7902 | D:7      | Found a staircase to the Ecumenical Temple.
  7918 | Temple   | Entered the Ecumenical Temple
  8012 | Temple   | Became a worshipper of Warmaster Okawaru
  8409 | D:7      | Reached skill level 11 in Maces & Flails
  8457 | D:7      | Reached * piety under Okawaru
  8549 | D:7      | Reached XP level 10. HP: 67/67 MP: 9/9
  8771 | D:7      | Found a shadowy altar of Dithmenos.
  9137 | D:8      | Gained mutation: You possess an exceptional clarity of mind. [mutagenic meat]
  9138 | D:8      | Gained mutation: Your spells are a little easier to cast, but a little less powerful. [mutagenic meat]
  9139 | D:8      | Gained mutation: You occasionally shout uncontrollably at your foes. [mutagenic meat]
  9140 | D:8      | Lost mutation: You are robust. (+10% HP) [mutagenic meat]
  9368 | D:8      | You fall through a shaft!
  9394 | D:9      | Noticed a two-headed ogre
  9395 | D:9      | Found a deep blue altar of Sif Muna.
  9404 | D:9      | Killed a two-headed ogre
  9404 | D:9      | Reached ** piety under Okawaru
  9535 | D:9      | Found Woqetih's Magic Scroll Shop.
  9666 | D:9      | Noticed miragecloak's ghost (novice DrTm)
  9690 | D:9      | Killed miragecloak's ghost
  9749 | D:9      | Reached skill level 12 in Maces & Flails
 10157 | D:9      | Reached *** piety under Okawaru
 10284 | D:9      | Found a staircase to the Lair.
 10386 | D:9      | Reached XP level 11. HP: 67/69 MP: 9/9
 10406 | D:10     | Entered Level 10 of the Dungeon
 10457 | D:10     | Reached skill level 5 in Dodging
 10946 | D:10     | Noticed a red ugly thing
 10947 | D:10     | Noticed a red ugly thing
 10948 | D:10     | Noticed a brown ugly thing
 11018 | D:9      | Killed a red ugly thing
 11022 | D:9      | Gained mutation: You are clumsy. (Dex -2) [mutagenic meat]
 11025 | D:9      | Lost mutation: You possess an exceptional clarity of mind. [mutagenic meat]
 11199 | D:10     | Reached **** piety under Okawaru
 11361 | D:10     | Noticed a green ugly thing
 11362 | D:10     | Noticed a red ugly thing
 11363 | D:10     | Noticed a white ugly thing
 11392 | D:9      | Killed a green ugly thing
 11562 | D:10     | Found a viscous altar of Jiyva.
 11633 | D:10     | Noticed a wizard
 11634 | D:10     | Noticed a green very ugly thing
 11643 | D:10     | Paralysed by a wizard for 6 turns
 11788 | D:9      | Killed a brown ugly thing
 11792 | D:9      | Gained mutation: Armour fits poorly on your strangely shaped body. [mutagenic meat]
 11794 | D:9      | Lost mutation: Your spells are a little easier to cast, but a little less powerful. [mutagenic meat]
 11948 | D:9      | Killed a brown ugly thing
 11948 | D:9      | Reached skill level 13 in Maces & Flails
 11953 | D:9      | Killed a brown ugly thing
 11958 | D:9      | Lost mutation: You occasionally shout uncontrollably at your foes. [mutagenic meat]
 11959 | D:9      | Gained mutation: Your mind is acute. (Int +2) [mutagenic meat]
 11960 | D:9      | Gained mutation: Your skin changes colour to match your surroundings (Stealth+). [mutagenic meat]
 12012 | D:10     | Killed a purple ugly thing
 12228 | D:10     | Paralysed by a wizard for 7 turns
 12243 | D:10     | Killed a wizard
 12295 | D:10     | Noticed a wizard
 12322 | D:10     | Killed a wizard
 12322 | D:10     | Reached ***** piety under Okawaru
 12473 | D:10     | Killed a green very ugly thing
 12473 | D:10     | Reached XP level 12. HP: 45/78 MP: 10/10
 12498 | D:10     | Got a transparent leather armour
 12509 | D:10     | Identified the +1 leather armour "Gejeub" {rPois rF+ rN+ Dex+3} (You found it on level 10 of the Dungeon)
 12601 | D:11     | Received a gift from Okawaru
 12718 | D:11     | Found an ancient bone altar of Kikubaaqudgha.
 12897 | D:11     | Noticed Snorg
 12948 | D:10     | Killed Snorg
 13015 | D:11     | Noticed a two-headed ogre
 13022 | D:11     | Killed a two-headed ogre
 13024 | D:11     | Found a sacrificial altar of Ru.
 13164 | D:11     | Noticed a sun demon
 13174 | D:11     | Reached skill level 5 in Shields
 14024 | D:12     | Found a staircase to the Orcish Mines.
 14083 | D:12     | Reached skill level 14 in Maces & Flails
 14378 | D:12     | Got a transparent ring mail
 14389 | D:12     | Identified the cursed +1 ring mail of Love and Death {Int+4} (You found it on level 12 of the Dungeon)
 14618 | D:13     | Noticed a two-headed ogre
 14619 | D:13     | Found Nopruihe's Book Shop.
 14624 | D:13     | Killed a two-headed ogre
 14828 | Lair:1   | Entered Level 1 of the Lair of Beasts
 15075 | Lair:1   | Reached skill level 10 in Fighting
 15078 | Lair:1   | Reached skill level 10 in Armour
 15234 | Lair:1   | Reached ****** piety under Okawaru
 15234 | Lair:1   | Reached XP level 13. HP: 67/84 MP: 11/11
 15808 | Lair:2   | Found a hole to the Spider Nest.
 16088 | Lair:2   | Found a staircase to the Shoals.
 16106 | Lair:2   | Received a gift from Okawaru
 17519 | Lair:4   | Identified a scroll of acquirement
 17529 | Lair:4   | Got a shimmering morningstar
 17530 | Lair:4   | Identified the +1 morningstar of the Extremely Mad {antimagic, Dex+3} (You acquired it on level 4 of the Lair of Beasts)
 17643 | Lair:4   | Reached skill level 15 in Maces & Flails
 18160 | Lair:5   | Found a frozen archway.
 18210 | IceCv    | Entered an ice cave
 18501 | IceCv    | Noticed an ice dragon
 18503 | IceCv    | Noticed an ice dragon
 18520 | IceCv    | Killed an ice dragon
 18531 | IceCv    | Killed an ice dragon
 18912 | Lair:5   | Found a staircase to the Slime Pits.
 18913 | Lair:5   | Found a viscous altar of Jiyva.
 18935 | Lair:5   | Received a gift from Okawaru
 18956 | Lair:5   | Gained mutation: Your large and strong wings let you fly indefinitely. [Gargoyle growth]
 18956 | Lair:5   | Reached XP level 14. HP: 54/90 MP: 4/12
 19718 | Lair:5   | Received a gift from Okawaru
 19742 | Lair:5   | Got a pair of polished gloves {god gift}
 19748 | Lair:5   | Identified the +1 pair of gloves "Bedeptiq" {-Tele rC+ Dex+4} (Okawaru gifted it to you on level 5 of the Lair of Beasts)
 19930 | Lair:5   | Reached skill level 16 in Maces & Flails
 20037 | Lair:5   | Upgraded the game from 0.20-b1 to 0.20.0-8-g6b59dc7
 20058 | Lair:6   | Entered Level 6 of the Lair of Beasts
 20239 | Lair:6   | HP: 4/92 [four-headed hydra (4)]
 20247 | Lair:6   | Slain by a polar bear

Skill      XL: |  1  2  3  4  5  6  7  8  9 10 11 12 13 14 |
---------------+-------------------------------------------+-----
Maces & Flails | 3 4 5 6 7 9 10 11 12 13 14 15 16 | 16.2
Dodging        | 2 3 4 6 7 8 |  8.4
Fighting       | 4 5 7 9 10 11 | 11.6
Armour         | 4 6 7 9 10 11 | 11.5
Shields        | 4 6 7 9 |  9.0

Action                   |  1- 3 |  4- 6 |  7- 9 | 10-12 | 13-15 || total
-------------------------+-------+-------+-------+-------+-------++-------
Melee: Flail             |    81 |   281 |   358 |  1039 |   227 ||  1986
       Club              |       |       |   186 |       |       ||   186
       Morningstar       |       |       |       |       |   642 ||   642
Invok: Heroism           |       |       |       |     6 |     2 ||     8
  Use: Potion            |       |     6 |     1 |     2 |     1 ||    10
       Scroll            |       |       |       |    18 |     4 ||    22
 Stab: Sleeping          |       |       |       |     3 |     5 ||     8
       Distracted        |       |       |       |       |     1 ||     1
  Eat: Chunk             |       |     4 |    18 |    33 |     8 ||    63
       Bread ration      |       |     1 |       |     2 |     2 ||     5
Armor: Scale mail        |    71 |   158 |   213 |    57 |       ||   499
       Steam dragon scal |       |       |       |   184 |       ||   184
       Leather armour    |       |       |       |   135 |   400 ||   535
Dodge: Dodged            |    30 |    91 |   135 |   458 |   621 ||  1335
Block: Shield            |    52 |   149 |   199 |   470 |   599 ||  1469
